 Dungeon Crawl Stone Soup version 0.30.0-29-ga12c61a403 (webtiles) character file.

Game seed: 3826847724452739802

97 Graphine the Ducker (level 4, 0/52 HPs)
             Began as a Merfolk Gladiator on June 3, 2023.
             Succumbed to an orc's poison
             ... on level 4 of the Dungeon.
             The game lasted 00:05:55 (1621 turns).

Graphine the Ducker (Merfolk Gladiator)             Turns: 1621, Time: 00:05:55

Health: 0/52       AC: 22    Str: 14    XL:     4   Next: 68%
Magic:  4/4        EV:  2    Int:  7    God:
Gold:   149        SH:  0    Dex: 17    Spells: 3/3 levels left

rFire   . . .        a - +0 rapier
rCold   . . .        (no shield)
rNeg    . . .        b - melded +0 leather armour
rPois   +            c - melded +0 helmet
rElec   .            (cloak currently unavailable)
rCorr   .            (gloves currently unavailable)
SInv    .            q - melded +0 pair of boots
Will    .....        (no amulet)
Stlth   ++           (no ring)
HPRegen 0.28/turn    (no ring)
MPRegen 0.09/turn

%: no passive effects
@: lethally poisoned (0 -> -9), tree-form, hasted, very quick
A: stationary, stasis, torment immunity, boosted hp, (nimble swimmer 2),
(mertail)
a: no special abilities


You were on level 4 of the Dungeon.
You were a tree.
You visited 1 branch of the dungeon, and saw 4 of its levels.

You collected 149 gold pieces.

Inventory:

Hand Weapons
 a - a +0 rapier (weapon)
 h - a +1 whip of flaming
Missiles
 d - 2 throwing nets (quivered)
Armour
 b - a +0 leather armour (melded)
 c - a +0 helmet (melded)
 q - a +0 pair of boots (melded)
Jewellery
 r - the ring of Feecrawn {Contam rPois Slay+5}
   (You found it on level 3 of the Dungeon)

   [ring of poison resistance]

   Slay:      It affects your accuracy & damage with ranged weapons and melee
   (+5).
   rPois:     It protects you from poison.
   Contam:    It causes magical contamination when unequipped.
 s - a ring of see invisible
Scrolls
 f - a scroll of enchant armour {unknown}
 i - a scroll of identify {unknown}
 m - a scroll of blinking {unknown}
 n - 3 scrolls of noise {unknown}
 o - a scroll of poison {unknown}
 p - a scroll of amnesia {unknown}
Potions
 e - a potion of invisibility {unknown}
 g - a potion of curing {unknown}
 j - 3 potions of haste
 k - a potion of berserk rage {unknown}
 l - a potion of cancellation {unknown}
 t - a potion of lignification


   Skills:
 + Level 3.4 Fighting
 + Level 4.7 Short Blades
 - Level 2.0 Throwing
 + Level 5.2 Dodging


You had 3 spell levels left.
You didn't know any spells.
Your spell library contained the following spells:

 Spells                   Type           Power      Damage    Failure   Level
 Portal Projectile        Hex/Tloc       0%         N/A       80%         3
 Tukima's Dance           Hex            0%         N/A       80%         3
 Blade Hands              Tmut           0%         N/A       100%        5


Dungeon Overview and Level Annotations

Branches:
Dungeon (4/15)
 Temple: D:4-7

Altars:


Innate Abilities, Weirdness & Mutations

You are a tree.
Your roots penetrate the ground, keeping you stationary.
You cannot be teleported.
You are immune to unholy pain and torment.
Your maximum health is greatly increased.
Your equipment is partially melded.
((You are very nimble when in or above water. (Stealth+, EV+, Speed+++)))
((Your lower body shifts to a powerful aquatic tail in water.))


Message History

The orc shouts!
The orc throws a boomerang of dispersal.
The boomerang of dispersal hits you.
You blink.
You are too injured to fight recklessly!
You are too injured to fight recklessly!
You are too injured to fight recklessly!
The orc hits you with a +1 short sword of venom.
You are lethally poisoned!
You closely miss the orc.
* * * LOW HITPOINT WARNING * * *
You feel very sick. The orc barely misses you.
You hit the orc.
The orc is moderately wounded.
* * * LOW HITPOINT WARNING * * *
You feel very sick. The orc barely misses you.
You hit the orc.
The orc is heavily wounded.
* * * LOW HITPOINT WARNING * * *
You feel sick. The orc misses you.
You hit the orc.
The orc is heavily wounded.
* * * LOW HITPOINT WARNING * * *
You feel sick.
The orc hits you with a +1 short sword of venom.
* * * LOW HITPOINT WARNING * * *
You are more poisoned.
It was a potion of haste.
You feel yourself speed up.
* * * LOW HITPOINT WARNING * * *
You feel very sick. The orc closely misses you.
Unknown command.
Unknown command.
It was a potion of lignification.
You turn into a tree.
Your +0 helmet melds into your body.
Your +0 pair of boots melds into your body.
Your +0 leather armour melds into your body.
Your roots penetrate the ground.
You die...

#.# #. ...# ..o
........ #.#
#.#....# #####.#
#.#....## .....#
#........ ...#
#........
..#####.####.#..#.#.
.........)..........
#.#####.#o♣..)......
#.#.##.)..#.##
#.#.##.#..#
#.#.........#
............>#
..#..#.#......
..............
.#.#..#.$...# ....
..+ ....


You could see an orc.

Vanquished Creatures
  An orc wizard (D:3)
  2 adders
  6 orcs
  4 bats
  6 endoplasms
  A giant cockroach (D:1)
  5 goblins
  6 hobgoblins
  6 kobolds
  A quokka (D:2)
  4 ball pythons
  A frilled lizard (D:1)
  2 rats
45 creatures vanquished.

Notes
Turn   | Place    | Note
-------+----------+-------------------------------------------
     0 | D:1      | Graphine the Merfolk Gladiator began the quest for the Orb.
     0 | D:1      | Reached XP level 1. HP: 16/16 MP: 1/1
    80 | D:1      | Reached XP level 2. HP: 23/23 MP: 2/2
   509 | D:2      | Reached XP level 3. HP: 24/28 MP: 3/3
   963 | D:3      | Reached skill level 5 in Dodging
   963 | D:3      | Reached XP level 4. HP: 2/35 MP: 4/4
  1445 | D:3      | Identified the ring of Feecrawn {Contam rPois Slay+5}
  1620 | D:4      | HP: 1/35 [poisoned by an orc]
  1621 | D:4      | Succumbed to an orc's poison

Illustrated notes

Levels and vault maps discovered:
D:1:      scummos_arrival_gate, layout_basic
D:2:      layout_basic, serial_bayou_crossing
D:3:      layout_basic, hangedman_decor_clover_reticule
D:4:      layout_basic, grunt_dithmenos_smoke

Skill      XL: |  1  2  3 |
---------------+----------+-----
Short Blades   | 4 |  4.7
Fighting       | 3 |  3.4
Dodging        | 5 |  5.2
Throwing       | |  2.0

Action                     |  1- 3 |  4- 6 || total
---------------------------+-------+-------++-------
  Melee: Rapier            |    80 |    52 ||   132
         Punch             |       |     2 ||     2
  Throw: Throwing net      |     2 |       ||     2
         Javelin           |     1 |       ||     1
    Use: Potion            |       |     2 ||     2
   Stab: Sleeping          |     1 |       ||     1
 Armour: Leather armour    |    20 |    12 ||    32
  Dodge: Dodged            |    62 |    34 ||    96
